 Dungeon Crawl Stone Soup version 0.27.1-34-g3ba077fa99 (webtiles) character file.

Game seed: 3318254925387584412

42 cbfl8 the Covered (level 3, -3/33 HPs)
             Began as a Minotaur Fighter on Jan 13, 2022.
             Was an Initiate of Gozag.
             Slain by Sigmund (10 damage)
             ... on level 2 of the Dungeon.
             The game lasted 00:04:35 (1948 turns).

cbfl8 the Covered (Minotaur Fighter)                Turns: 1948, Time: 00:04:36

Health: -3/33      AC:  9    Str: 20    XL:     3   Next: 35%
Magic:  2/2        EV:  5    Int:  6    God:    Gozag
Gold:   196        SH:  9    Dex:  9    Spells: 2/2 levels left

rFire    . . .     SeeInvis .   a - +0 war axe
rCold    . . .     Faith    .   c - +0 kite shield
rNeg     . . .     Spirit   .   k - +0 chain mail
rPois    .         Reflect  .   (helmet restricted)
rElec    .         Harm     .   (no cloak)
rCorr    .         Rampage  .   (no gloves)
Will     .....                  (no boots)
Stlth    ..........             (no amulet)
HPRegen  0.11/turn              (no ring)
MPRegen  0.08/turn              (no ring)

@: no status effects
A: horns 2, retaliatory headbutt
a: Renounce Religion, Potion Petition, Call Merchant, Bribe Branch


You were on level 2 of the Dungeon.
You worshipped Gozag.
Gozag was aware of your devotion.
You visited 1 branch of the dungeon, and saw 2 of its levels.

You collected 196 gold pieces.

Inventory:

Hand Weapons
 a - a +0 war axe (weapon)
Missiles
 f - 17 bolts
 h - 53 stones (quivered)
Armour
 b - a +0 scale mail
 c - a +0 kite shield (worn)
 g - a +0 robe
 k - a +0 chain mail (worn)
 m - a +0 plate armour
Scrolls
 e - a scroll of identify {unknown}
 j - a scroll of vulnerability {unknown}
Potions
 d - a potion of might
 i - a potion of lignification {unknown}
 l - a potion of curing {unknown}
 n - a potion of attraction {unknown}


   Skills:
 + Level 4.0 Fighting
 + Level 3.0 Axes
 + Level 4.2 Armour
 + Level 0.2 Dodging
 + Level 4.1 Shields


You had 2 spell levels left.
You didn't know any spells.
Your spell library contained the following spells:

 Spells                   Type           Power      Damage    Failure   Level
 Magic Dart               Conj           0%         1d3       100%        1
 Fireball                 Conj/Fire      0%         3d3       100%        5


Dungeon Overview and Level Annotations

Branches:
Dungeon (2/15)

Altars:
Gozag

Annotations:
D:2 Sigmund


Innate Abilities, Weirdness & Mutations

You have a pair of horns on your head.
You reflexively headbutt those who attack you in melee.


Message History

You bump into the rock wall.
The frilled lizard bites you.
Sigmund says, "You will soon forget everything."
Sigmund hits you but does no damage.
You bump into the rock wall.
The frilled lizard bites you but does no damage.
You bump into the rock wall.
The frilled lizard bites you but does no damage.
Sigmund hits you but does no damage.
You feel less confused. The frilled lizard bites you.
You block Sigmund's attack.
Your shield and chain mail prevent you from hitting Sigmund.
You closely miss the frilled lizard.
The frilled lizard bites you but does no damage.
Sigmund barely misses you.
You closely miss Sigmund. You miss the frilled lizard.
The frilled lizard bites you but does no damage.
Sigmund gestures at you while chanting. The magic dart hits you.
You block the frilled lizard's attack.
You hit Sigmund but do no damage. You hit the frilled lizard.
You kill the frilled lizard!
The worm is distracted by your dazzling golden aura.
Sigmund hits you with a +0 scythe!
Your shield and chain mail prevent you from hitting Sigmund.
Your headbutt misses Sigmund. Sigmund hits you with a +0 scythe.
You hit Sigmund but do no damage. You block Sigmund's attack.
You closely miss Sigmund.
The worm is no longer distracted by gold.
Sigmund hits you with a +0 scythe.
You closely miss Sigmund. You block Sigmund's attack.
You barely miss Sigmund. Sigmund hits you with a +0 scythe.
* * * LOW HITPOINT WARNING * * *
You slash Sigmund!
Sigmund is moderately wounded.
Sigmund hits you with a +0 scythe.
* * * LOW HITPOINT WARNING * * *
You slash Sigmund! Your headbutt misses Sigmund.
Sigmund is severely wounded.
Sigmund hits you with a +0 scythe!
You die...
Your body crumbles into a pile of gold.

# #####.#####
#...
#.###.........#
#...
#.......#####.#
#... #..#....##
#... #...
##.#..# #...
#.# #(###.##
#.[. # #).
#...# ## ##..
##!#..#$##...#
#.>
.###.#@@w...#
### .
..###....# ####
#. ... ....#
#..' #.....
...# #.## .....
...# #.#.
#..... ....
#.#. .##. #.#.
#.## #...


You could see Sigmund and a worm.

Vanquished Creatures
  5 ball pythons
  3 endoplasms
  7 giant cockroaches
  5 goblins
  3 hobgoblins
  A quokka (D:1)
  4 bats
  2 frilled lizards
  4 kobolds
  3 rats
37 creatures vanquished.

Notes
Turn   | Place    | Note
-------+----------+-------------------------------------------
     0 | D:1      | cbfl8 the Minotaur Fighter began the quest for the Orb.
     0 | D:1      | Reached XP level 1. HP: 19/19 MP: 0/0
   337 | D:1      | Got the Grimoire of Blows and Bruises
   345 | D:1      | Reached XP level 2. HP: 27/27 MP: 1/1
   832 | D:1      | Found a faded altar of an unknown god.
   852 | D:1      | Became a worshipper of Gozag Ym Sagoz the Greedy
  1324 | D:1      | Reached XP level 3. HP: 31/33 MP: 2/2
  1929 | D:2      | Noticed Sigmund
  1948 | D:2      | Slain by Sigmund

Illustrated notes

Levels and vault maps discovered:
D:1:      psy_arrival_whirlpool, layout_basic, ebering_ecumenical_altar_ruins,
          amcnicky_mini_pool_small
D:2:      layout_basic, minmay_pentomino_x4, uniq_sigmund

Skill      XL: |  1  2  3 |
---------------+----------+-----
Fighting       | 4 |  4.0
Armour         | 4 |  4.2
Shields        | 4 |  4.1
Axes           | 3 |  3.0
Dodging        | |  0.2

Action                   || total
-------------------------++-------
Melee: War axe           ||    86
       Headbutt          ||     6
 Stab: Distracted        ||     1
Armor: Scale mail        ||    13
       Chain mail        ||    76
Dodge: Dodged            ||    33
Block: Kite shield       ||    74
